Unix NetHack Version 3.7.0-101 Work-in-progress - last build Apr 1 2024 13:39:02 (cf3915abb6dcc6e3362b2b16a766b7b4f6c45fc9,branch:master). Game began 2024-04-05 23:16:58, ended 2024-04-05 23:43:57. finitelycraig, lawful female dwarven Valkyrie -------------- ------- ............---..|..-- ...)-----V@........|--- ---- --......----....|.-.|..-- --..-- |....0...|.....-|.......-- ----....---.............-----......| |.......................| |.....-- ------ ----.....-.................| --.--.-| |.... --........................--- ---|..| |...----.0.......................| |................................-- |.<--...........--.--.--..........-- -.--|..........----------..........--- -- .. ---.........| |..---................- -. -........-- --.....................| .. ............ ..----..........0 ..- --- --------.....- ---- --............ ---...| |.--...........- |..-- --- --.--.--.--- ---- -- -- -- Finitelycraig the Skirmisher St:17 Dx:14 Co:20 In:7 Wi:11 Ch:9 Lawful Dlvl:10 $:251 HP:0(38) Pw:4(4) AC:3 Xp:3/79 T:3300 Latest messages: With great effort you move the boulder. You swap places with the peaceful gnomish wizard. The gnome is almost hit by an arrow! Y - a bubbly potion. There is nothing here to pick up. You see here a tripe ration. You learn more about your items by comparing them. r - an uncursed tripe ration (3 in total). You descend the stairs. With great effort you move the boulder. The vampire bat bites! The vampire bat bites again! The vampire bat bites! The vampire bat bites again! You miss the vampire bat. The vampire bat bites! The vampire bat bites again! The vampire bat bites! The vampire bat bites again! The vampire bat's bite was poisoned! The poison doesn't seem to affect you. You hit the vampire bat! The vampire bat bites! The vampire bat bites again! You hit the vampire bat! The vampire bat misses! The vampire bat bites! You hit the vampire bat. The vampire bat bites! The vampire bat bites again! You hit the vampire bat! The vampire bat bites! The vampire bat bites again! You kill the vampire bat! The seemingly dead vampire bat suddenly transforms and rises as a vampire! You miss the vampire. The vampire hits! The vampire bites! Farvel level 6. You miss the vampire. The vampire hits! The vampire bites! The vampire hits! The vampire bites! Farvel level 5. You climb up the stairs. The vampire hits! The vampire bites! Farvel level 4. You die... Inventory: Coins ('$') $ - 251 gold pieces Amulets ('"') x - an uncursed amulet versus poison (being worn) Weapons (')') H - an uncursed +0 crossbow a - an uncursed +1 dwarvish spear (weapon in right hand) b - an uncursed +0 orcish dagger Armor ('[') g - an uncursed +0 orcish helm (being worn) h - an uncursed +0 pair of speed boots (being worn) c - an uncursed +3 small shield (being worn) J - an uncursed +0 dwarvish cloak i - an uncursed +0 elven cloak (being worn) R - an uncursed +0 mummy wrapping Comestibles ('%') d - 3 uncursed food rations r - 3 uncursed tripe rations K - 2 uncursed eggs U - an uncursed lizard corpse Scrolls ('?') o - an uncursed scroll of blank paper C - an uncursed scroll of confuse monster W - an uncursed scroll of destroy armor V - a cursed scroll of genocide m - an uncursed scroll of magic mapping I - an uncursed scroll of teleportation Potions ('!') N - a cursed potion of fruit juice A - an uncursed potion of full healing Y - an uncursed potion of gain energy f - an uncursed potion of healing y - a cursed potion of healing F - an uncursed potion of sickness T - an uncursed potion of speed L - an uncursed potion of water Wands ('/') z - an uncursed wand of make invisible (0:6) Tools ('(') B - an uncursed bag of tricks (0:4) w - an uncursed magic whistle G - an uncursed magic whistle v - an uncursed skeleton key t - an uncursed towel Q - an uncursed wax candle S - a cursed wax candle Gems/Stones ('*') X - an uncursed jasper stone l - an uncursed worthless piece of green glass E - 5 uncursed worthless pieces of orange glass P - an uncursed worthless piece of red glass O - an uncursed worthless piece of violet glass D - an uncursed worthless piece of yellow glass Finitelycraig the Valkyrie's attributes: Background: You were a Skirmisher, a level 3 dwarven Valkyrie. You were lawful, on a mission for Tyr who was opposed by Odin (neutral) and Loki (chaotic). You were right-handed. You were in the Gnomish Mines, on level 10. You entered the dungeon 3300 turns ago. It was nighttime. You had 79 experience points, 1 more was needed to attain level 4. Basics: You had 0 out of 38 hit points. You had all 4 energy points (spell power). Your armor class was 3. Your wallet contained 251 zorkmids. Autopickup was on for '$?!"=/*', with exceptions. Final Characteristics: Your strength was 17 (limit:18/100). Your dexterity was 14 (limit:20). Your constitution was 20 (limit:20). Your intelligence was 7 (limit:16). Your wisdom was 11 (limit:16). Your charisma was 9 (limit:16). Final Status: You weren't hungry. You were unencumbered. You were wielding a spear. You were skilled in spear. Final Attributes: You were piously aligned. You were cold resistant. You were poison resistant. You were clairvoyant. You had infravision. You were stealthy. You were warded. You were very fast. You were unlucky. You are dead. Miscellaneous: You disabled loading of bones levels. Total elapsed playing time was 26 minutes and 58 seconds. Major events: Turn 1: finitelycraig the lawful dwarven Valkyrie entered the dungeon 722: entered the Gnomish Mines 1120: reached Mine Town 1273: attained the rank of Skirmisher (level 3) 2923: attained the rank of Fighter (level 6) 3300: killed by a vampire Vanquished creatures: a small mimic a large dog a leprechaun 2 iron piercers a giant spider a gnome ruler 2 lizards a gnome mummy an imp a rock piercer a rock mole a yellow light 4 gnome leaders a kobold mummy a floating eye a dwarf 2 rothes 2 dwarf zombies a werejackal 2 iguanas an acid blob 3 hobbits 2 manes a hobgoblin 4 giant rats 8 cave spiders 24 gnomes 4 geckos 2 jackals 4 goblins a sewer rat 6 grid bugs 3 lichens a newt 92 creatures vanquished. No species were genocided or became extinct. Voluntary challenges: You read items or engraved 2 times. You never engraved Elbereth. You never genocided any monsters. You never polymorphed an object. You never changed form. You used no wishes. Achievements: You entered the Gnomish Mines. You entered Minetown. You attained the rank of Skirmisher. You entered a shop. You entered a temple. You attained the rank of Fighter. The Dungeons of Doom: levels 1 to 4 Level 1: Level 2: Level 3: Some fountains. Stairs down to The Gnomish Mines. Level 4: The Gnomish Mines: levels 4 to 11 Level 4: Level 5: Level 6: A temple and an altar, many fountains. Level 7: Level 8: Level 9: Level 10: <- You were here. Final resting place for you, killed by a vampire. Level 11: Game over: ---------- / \ / REST \ / IN \ / PEACE \ / \ | finitelycraig | | 251 Au | | killed by a | | vampire | | | | | | 2024 | *| * * * | * _________)/\\_//(\/(/\)/\//\/|_)_______ Farvel finitelycraig the Valkyrie... You died in The Gnomish Mines on dungeon level 10 with 2768 points, and 251 pieces of gold, after 3300 moves. You were level 3 with a maximum of 38 hit points when you died.